 Dungeon Crawl Stone Soup version 0.31.0-12-g77e489cdc1 (webtiles) character file.

Game seed: 15147349923888378908

938 jimonade the Magician (level 8, -6/50 HPs)
             Began as a Djinni Fire Elementalist on Feb 25, 2024.
             Was a High Priest of Jiyva.
             Mangled by a wight
             ... wielding a +0 spear
              (9 damage)
             ... on level 7 of the Dungeon.
             The game lasted 00:11:06 (4379 turns).

jimonade the Magician (Djinni Fire Elementalist)    Turns: 4379, Time: 00:11:06

Health: -6/50      AC:  3    Str:  7    XL:     8   Next: 34%
Gold:   189        EV: 12    Int: 19    God:    Jiyva [*****.] SH:  0 Dex: 14

rFire   + + .        (no weapon)
rCold   x . .        (no shield)
rNeg    . . .        a - +0 robe
rPois   ∞            (helmet restricted)
rElec   .            (no cloak)
rCorr   +            (no gloves)
SInv    .            (boots unavailable)
Will    .....        (no amulet)
Stlth   ++           g - ring of wizardry
HPRegen 1.72/turn    (no ring)
MPRegen 0.00/turn

%: wizardry (x1), infuse magic (-7 HP)
@: flying
A: sickness immunity, fire resistance 2, cold vulnerability 1, float, innate
caster, HP casting, extra vitality 1, horns 2, iridescent scales 1, acidic bite,
pseudopods 3, MP-powered wands
a: Renounce Religion, Oozemancy, Slimify


You were on level 7 of the Dungeon.
You worshipped Jiyva.
Jiyva was extremely pleased with you.
You visited 1 branch of the dungeon, and saw 7 of its levels.
You also visited: Ossuary.

You collected 211 gold pieces.
You spent 22 gold pieces at shops.

Inventory:

Hand Weapons
 d - a +0 short sword
 e - a +0 flail
 h - a +1 dagger of venom
 k - a +0 scimitar
 l - a +4 spear
 m - a +0 flail
Missiles
 i - 9 stones
 w - a throwing net
Armour
 a - a +0 robe (worn)
 j - a +0 leather armour
 t - a +0 helmet
Jewellery
 g - a ring of wizardry (left hand)
 x - a ring of see invisible
Wands
 y - a wand of digging (1)
Scrolls
 b - a scroll of enchant armour {unknown}
 c - a scroll of teleportation {unknown}
 o - a scroll of noise {unknown}
 q - 5 scrolls of identify
 u - a scroll of fog {unknown}
 v - a scroll of fear {unknown}
 B - a scroll of blinking {unknown}
Potions
 f - a potion of haste {unknown}
 n - 3 potions of curing {unknown}
 p - a potion of heal wounds {unknown}
 r - a potion of enlightenment {unknown}
 s - 2 potions of ambrosia {unknown}
 z - a potion of magic {unknown}
 A - a potion of resistance {unknown}
 C - 2 potions of berserk rage {unknown}


   Skills:
 - Level 2.1 Dodging
 - Level 1.5 Stealth
 + Level 7.7 Spellcasting
 + Level 7.7 Conjurations
 + Level 7.7 Hexes
   Level 0.0 Charms
 + Level 7.7 Summonings
 + Level 7.7 Necromancy
 + Level 7.7 Translocations
   Level 0.0 Transmutations
 + Level 7.7 Fire Magic
 + Level 7.7 Ice Magic
 + Level 7.7 Air Magic
 + Level 7.7 Earth Magic
 + Level 7.7 Alchemy


You knew the following spells:

 Your Spells              Type           Power      Damage    Failure   Level
a - Foxfire               Conj/Fire      100%       2x1d9     1%          1
b - Scorch                Fire           74%        2d8       1%          2
c - Volatile Blastmotes   Fire/Tloc      74%        2d16      1%          3
d - Inner Flame           Hex/Fire       37%        N/A       1%          3
e - Flame Wave            Conj/Fire      37%        2d10      1%          4
f - Apportation           Tloc           74%        N/A       1%          1
g - Jinxbite              Hex            74%        N/A       1%          2
h - Fugue of the Fallen   Necr           37%        N/A       1%          3
Your spell library was empty.

Dungeon Overview and Level Annotations

Branches:
Dungeon (7/15) Zot: 26986 Ossuary (visited)
 Temple: D:4-7

Altars:
Elyvilon
Fedhas
Gozag
Trog
Uskayaw
Wu Jian
Zin
Jiyva

Shops:
D:6 (?

Annotations:
D:5 2 transporters, VoidStrider's ghost, novice TeAE


Innate Abilities, Weirdness & Mutations

You are immune to sickness and miasma.
You are immune to poison.
Your flesh is very heat resistant. (rF++)
You are vulnerable to cold. (rC-)
You float through the air rather than walking.
You learn spells naturally, not from books.
Your magical power is your life essence.
You have superior vitality. (+4 MHP)
You have a pair of horns on your head.
You are partially covered in iridescent scales. (AC +2)
You have acidic saliva.
Armour fits poorly on your massive pseudopods.
You expend health (3 HP) to strengthen your wands.


Message History

Casting: Scorch (safe; 1% risk of failure)
Confirm with . or Enter, or press ? or * to list all spells.
You can't see any susceptible monsters within range! (Use Z to cast anyway.)
You conjure some foxfire!
The foxfire hits the mummy but does no damage.
The foxfire hits the mummy.
The mummy is burned terribly!
The mummy is lightly damaged.
You conjure some foxfire!
The foxfire hits the mummy!
The mummy is burned terribly!
The mummy is severely damaged.
The foxfire hits the mummy.
The mummy is burned terribly!
The mummy is almost destroyed.
Casting: Foxfire (safe; 1% risk of failure)
Confirm with . or Enter, or press ? or * to list all spells.
Flames lash the mummy.
The mummy is burned terribly!
You destroy the mummy!
Casting: Scorch (safe; 1% risk of failure)
Confirm with . or Enter, or press ? or * to list all spells.
You can't see any susceptible monsters within range! (Use Z to cast anyway.)
You reach down and open the door.
There is an open door here.
B - a scroll labelled HIEBIA XYMUHI
q - 4 scrolls of identify (gained 1)
You now have 92 gold pieces (gained 6).
You now have 96 gold pieces (gained 4).
You now have 104 gold pieces (gained 8).
You now have 119 gold pieces (gained 15).
You now have 132 gold pieces (gained 13).
You now have 146 gold pieces (gained 14).
You now have 165 gold pieces (gained 19).
You now have 174 gold pieces (gained 9).
You now have 189 gold pieces (gained 15).
q - 5 scrolls of identify (gained 1)
n - 3 fizzy golden potions (gained 1)
C - 2 purple potions
There is an open door here.
There is a gate leading back out of this place here.
Welcome back to the Dungeon!
There is a collapsed entrance here.
There are monsters nearby!
Casting: Scorch (safe; 1% risk of failure)
Confirm with . or Enter, or press ? or * to list all spells.
Flames lash the wight.
The wight is moderately damaged.
The wight's fire resistance burns away.
The wight hits you with a +0 hand axe!
The wight hits you with a +5 dagger of freezing!
The wight freezes you.
Casting: Scorch (safe; 1% risk of failure)
Confirm with . or Enter, or press ? or * to list all spells.
Flames lash the wight.
The wight is heavily damaged.
The wight's fire resistance burns away.
The wight barely misses you. x2
Casting: Scorch (safe; 1% risk of failure)
Confirm with . or Enter, or press ? or * to list all spells.
Flames lash the wight.
The wight is burned terribly!
The wight is almost destroyed.
The wight hits you with a +0 hand axe.
The wight hits you with a +5 dagger of freezing.
The wight freezes you.
* * * LOW HITPOINT WARNING * * *
Casting: Scorch (safe; 1% risk of failure)
Confirm with . or Enter, or press ? or * to list all spells.
Flames lash the wight.
The wight is lightly damaged.
The wight's fire resistance burns away.
* * * LOW HITPOINT WARNING * * *
The wight misses you.
The wight hits you with a +5 dagger of freezing.
* * * LOW HITPOINT WARNING * * *
The wight freezes you.
* * * LOW HITPOINT WARNING * * *
Casting: Scorch (safe; 1% risk of failure)
Confirm with . or Enter, or press ? or * to list all spells.
Flames lash the wight.
The wight is burned terribly!
You destroy the wight!
* * * LOW HITPOINT WARNING * * *
The wight misses you. The wight closely misses you.
A wight comes into view. It is wielding a +0 spear.
Casting: Scorch (safe; 1% risk of failure)
Confirm with . or Enter, or press ? or * to list all spells.
Flames lash the wight.
The wight is burned terribly!
You destroy the wight!
* * * LOW HITPOINT WARNING * * *
The wight closely misses you.
The wight hits you from afar with a +0 spear!
* * * LOW HITPOINT WARNING * * *
Casting: Scorch (safe; 1% risk of failure)
Confirm with . or Enter, or press ? or * to list all spells.
Flames lash the wight.
The wight is burned terribly!
You destroy the wight!
* * * LOW HITPOINT WARNING * * *
The wight hits you but does no damage.
Casting: Scorch (safe; 1% risk of failure)
Confirm with . or Enter, or press ? or * to list all spells.
Flames lash the wight.
The wight is heavily damaged.
The wight's fire resistance burns away.
* * * LOW HITPOINT WARNING * * *
The wight hits you from afar with a +0 spear!
You die...

#########. ...
#......... ..#
#.......z. ...#
#........ ....#
.......8# #.#8.#
..(....##z..#
#...))...#..
#...@..z....
#.###...)....###
#....<.##...##
#####..8####.8#
#.....# ...
#.....# ##
#######


You could see 2 wights.

Vanquished Creatures
  A sky beast (D:4)
  An ogre (D:4)
  A phantom (D:5)
  3 wights (D:7)
  3 hounds
  3 bombardier beetles (D:5)
  An orc priest (D:5)
  2 iguanas
  8 mummies (Ossuary)
  4 gnolls (D:3)
  7 adders
  3 ufetubi
  2 dart slugs
  5 orcs
  2 endoplasms (D:1)
  3 giant cockroaches
  4 gnoll zombies (Ossuary)
  8 goblins
  11 hobgoblins
  3 jackals (D:3)
  7 kobolds
  3 quokkas
  2 ball pythons
  8 bats
  3 frilled lizards
  3 kobold zombies (Ossuary)
  An orc zombie (Ossuary)
  3 rats
105 creatures vanquished.

Vanquished Creatures (others)
  An ogre (D:4)
  2 jellies
  A hound (D:5)
  An iguana (D:4)
  3 ufetubi (D:5)
  A ribbon worm (D:4)
  2 giant cockroaches
  A goblin (D:2)
  4 hobgoblins
  A quokka (D:2)
  A ball python (D:4)
  A bat (D:3)
  A rat (D:2)
  105 foxfires
125 creatures vanquished.

Grand Total: 230 creatures vanquished

Notes
Turn   | Place    | Note
-------+----------+-------------------------------------------
     0 | D:1      | jimonade the Djinni Fire Elementalist began the quest for
                  | the Orb.
     0 | D:1      | jimonade set off with the following spells memorised:
                  | Foxfire, Scorch, Volatile Blastmotes, Inner Flame, Flame
                  | Wave.
     0 | D:1      | Reached XP level 1. HP: 15/15 MP: 0/0
   262 | D:1      | Reached XP level 2. HP: 16/21 MP: 0/0
   458 | D:1      | Found a faded altar of an unknown god.
   572 | D:1      | Prayed at the altar of an unknown god.
   572 | D:1      | Became a worshipper of Jiyva Joocogga the Shapeless
   572 | D:1      | Reached * piety under Jiyva
   608 | D:1      | Reached XP level 3. HP: 25/25 MP: 0/0
   608 | D:1      | Learned a level 1 spell: Apportation
  1041 | D:2      | Reached ** piety under Jiyva
  1052 | D:2      | Reached XP level 4. HP: 21/31 MP: 0/0
  1587 | D:3      | Reached XP level 5. HP: 33/35 MP: 0/0
  1587 | D:3      | Learned a level 2 spell: Jinxbite
  1601 | D:3      | Found an ornate altar of the Wu Jian Council.
  1810 | D:3      | Found a white marble altar of Elyvilon.
  1815 | D:3      | Reached *** piety under Jiyva
  2122 | D:3      | Gained mutation: Armour fits poorly on your pseudopods.
                  | [Jiyva's grace]
  2122 | D:3      | Gained mutation: Armour fits poorly on your large
                  | pseudopods. [Jiyva's grace]
  2122 | D:3      | Gained mutation: Armour fits poorly on your massive
                  | pseudopods. [Jiyva's grace]
  2122 | D:3      | Gained mutation: You are partially covered in iridescent
                  | scales. (AC +2) [Jiyva's grace]
  2216 | D:4      | Found a bloodstained altar of Trog.
  2222 | D:4      | Reached skill level 5 in Spellcasting
  2222 | D:4      | Reached skill level 5 in Conjurations
  2222 | D:4      | Reached skill level 5 in Hexes
  2222 | D:4      | Reached skill level 5 in Summonings
  2222 | D:4      | Reached skill level 5 in Necromancy
  2222 | D:4      | Reached skill level 5 in Translocations
  2222 | D:4      | Reached skill level 5 in Fire Magic
  2222 | D:4      | Reached skill level 5 in Ice Magic
  2222 | D:4      | Reached skill level 5 in Air Magic
  2222 | D:4      | Reached skill level 5 in Earth Magic
  2222 | D:4      | Reached skill level 5 in Alchemy
  2231 | D:4      | Killed an ogre
  2252 | D:4      | Noticed a sky beast
  2280 | D:4      | Killed a sky beast
  2281 | D:4      | Reached XP level 6. HP: 38/40 MP: 0/0
  2482 | D:4      | Reached **** piety under Jiyva
  2737 | D:4      | Noticed an ogre
  2742 | D:4      | Killed an ogre
  2803 | D:5      | Entered Level 5 of the Dungeon
  2817 | D:5      | Reached XP level 7. HP: 34/45 MP: 0/0
  2817 | D:5      | Learned a level 3 spell: Fugue of the Fallen
  2859 | D:5      | Found a transporter.
  2879 | D:5      | Found a blossoming altar of Fedhas.
  3077 | D:5      | Found a transporter.
  3085 | D:5      | Noticed VoidStrider's ghost (novice TeAE)
  3566 | D:6      | Reached ***** piety under Jiyva
  3684 | D:6      | Found Xeuprux's Magic Scroll Shop.
  3689 | D:6      | Bought a scroll of identify for 22 gold pieces
  3718 | D:6      | Found an opulent altar of Gozag.
  3738 | D:6      | Found a hide-covered altar of Uskayaw.
  3767 | D:6      | Found Ciapapas's Antique Weapon Emporium.
  3994 | D:6      | Gained mutation: You expend health (3 HP) to strengthen
                  | your wands. [Jiyva's grace]
  3994 | D:6      | Gained mutation: You have acidic saliva. [Jiyva's grace]
  3994 | D:6      | Gained mutation: You have a pair of small horns on your
                  | head. [Jiyva's grace]
  3994 | D:6      | Gained mutation: You have a pair of horns on your head.
                  | [Jiyva's grace]
  4155 | D:6      | Found a glowing silver altar of Zin.
  4227 | D:7      | Found a sand-covered staircase.
  4232 | Ossuary  | Entered an ossuary
  4262 | Ossuary  | Reached XP level 8. HP: 48/50 MP: 0/0
  4379 | D:7      | Mangled by a wight

Illustrated notes

Levels and vault maps discovered:
D:1:      dpeg_arrival_fog, layout_loops_cross, nicolae_ecumenical_lake_church,
          serial_park_tiny_1, roderic_roman_lattice
D:2:      layout_loops_ring, minmay_goblin_outpost
D:3:      layout_loops_ring, elyvilon_altar_1, nicolae_wu_jian_wuxing_cycle
D:4:      layout_loops_ring, bloody_trog, minmay_misc_feat_columns
D:5:      layout_loops_ring, lemuel_coloured_pillars_altar,
          gammafunk_ghost_stat_death, eino_small_chamber_without_monster
D:6:      layout_loops_ring, pdpol_temple_overflow_zin_treasury_gozag_greed,
          nicolae_uskayaw_murder_on_the_dancefloor, serial_shops,
          nicolae_shop_hallway_plus, nicolae_take_the_stairs
D:7:      layout_basic, temple_pool_b, lightli_ossuary_entry_decrepit_ruins

Skill      XL: |  1  2  3  4  5  6  7 |
---------------+----------------------+-----
Spellcasting   | 4 5 6 7 |  7.7
Conjurations   | 4 5 6 7 |  7.7
Hexes          | 4 5 6 7 |  7.7
Summonings     | 4 5 6 7 |  7.7
Necromancy     | 4 5 6 7 |  7.7
Translocations | 4 5 6 7 |  7.7
Fire Magic     | 4 5 6 7 |  7.7
Ice Magic      | 4 5 6 7 |  7.7
Air Magic      | 4 5 6 7 |  7.7
Earth Magic    | 4 5 6 7 |  7.7
Alchemy        | 4 5 6 7 |  7.7
Dodging        | |  2.1
Stealth        | |  1.5

Action                     |  1- 3 |  4- 6 |  7- 9 || total
---------------------------+-------+-------+-------++-------
   Cast: Foxfire           |    33 |     6 |    23 ||    62
         Scorch            |    13 |    56 |    57 ||   126
         Apportation       |       |       |     1 ||     1
 Armour: Robe              |    11 |    17 |    15 ||    43
  Dodge: Dodged            |    10 |    17 |    15 ||    42
